 Dungeon Crawl Stone Soup version 0.30.0-5-g1a98f26d00 (webtiles) character file.

Game seed: 10802024848231821318

196 Inkenn the Cutter (level 5, -7/41 HPs)
             Began as a Demonspawn Fighter on May 8, 2023.
             Killed by divine providence
             ... invoked by an orc priest
              (14 damage)
             ... on level 4 of the Dungeon.
             The game lasted 00:04:03 (2377 turns).

Inkenn the Cutter (Demonspawn Fighter)              Turns: 2377, Time: 00:04:03

Health: -7/41      AC:  8    Str: 19    XL:     5   Next: 45%
Magic:  5/5        EV:  9    Int:  9    God:
Gold:   140        SH:  8    Dex: 12    Spells: 4/4 levels left

rFire   . . .        a - +0 rapier
rCold   . . .        c - +0 buckler
rNeg    . . .        b - +0 scale mail
rPois   .            (no helmet)
rElec   .            (no cloak)
rCorr   +            g - +0 pair of gloves
SInv    .            (no boots)
Will    +....        h - amulet of regeneration Stlth
                     o - ring of willpower
HPRegen 1.06/turn    m - ring of resist corrosion
MPRegen 0.09/turn

%: no passive effects
@: no status effects
A: large bone plates 1, powered by pain 1, condensation shield
a: no special abilities


You were on level 4 of the Dungeon.
You visited 1 branch of the dungeon, and saw 4 of its levels.

You collected 140 gold pieces.

Inventory:

Hand Weapons
 a - a +0 rapier (weapon)
Armour
 b - a +0 scale mail (worn)
 c - a +0 buckler (worn)
 g - a +0 pair of gloves (worn)
Jewellery
 h - an amulet of regeneration (around neck)
 m - a ring of resist corrosion (right hand)
 o - a ring of willpower (left hand)
 q - a ring of wizardry
Scrolls
 e - a scroll of identify
 j - 2 scrolls of teleportation
 l - a scroll of magic mapping
Potions
 f - 4 potions of curing
 i - 4 potions of flight {unknown}
 k - a potion of haste {unknown}
 p - a potion of brilliance {unknown}
 r - a potion of berserk rage {unknown}


   Skills:
 - Level 3.1 Fighting
 + Level 4.4 Short Blades
 + Level 3.3 Armour
 + Level 3.3 Shields


You had 4 spell levels left.
You didn't know any spells.
Your spell library contained the following spells:

 Spells                   Type           Power      Damage    Failure   Level
 Sublimation of Blood     Necr           0%         N/A       92%         2
 Wereblood                Tmut           0%         N/A       92%         2
 Summon Hydra             Summ           0%         N/A       100%        7


Dungeon Overview and Level Annotations

Branches:
Dungeon (4/15)
 Temple: D:4-7

Altars:

Shops:
D:3 ([(((


Innate Abilities, Weirdness & Mutations

You are partially covered in large bone plates. (SH +4)
You sometimes gain a little power by taking damage.
A meltable shield of frost defends you. (SH +0)


Message History

The orc priest invokes the aid of Beogh against you.
The orc hits you but does no damage. Something hits you but does no damage.
An orc comes into view. It is wielding a +0 hand axe.
You hit something but do no damage.
The orc priest mumbles some strange prayers to Beogh against you.
Something writhes in agony.
The orc hits you but does no damage. You block the orc's attack.
You block something's attack.
The orc priest calls down the wrath of Beogh upon you.
Pain shoots through your body! You block the orc's attack.
You hear some strange, mumbled words.
A puff of flame appears from out of thin air!
The puff of flame hits you.
* * * LOW HITPOINT WARNING * * *
An orc comes into view. It is wielding a +0 hand axe.
You hit the orc.
The orc is severely wounded.
The orc hits you with a +0 short sword.
* * * LOW HITPOINT WARNING * * *
You hit the orc.
You kill the orc!
You block the orc's attack. Something hits you.
* * * LOW HITPOINT WARNING * * *
You hit the orc priest.
The orc priest is lightly wounded.
You block the orc priest's attack. The orc hits you with a +0 short sword.
* * * LOW HITPOINT WARNING * * *
Something hits you but does no damage.
You closely miss the orc priest.
The orc priest is lightly wounded.
You block the orc priest's attack. The orc hits you but does no damage.
Something hits you but does no damage.
You hit the orc priest.
The orc priest is heavily wounded.
The orc hits you but does no damage. You block the orc priest's attack.
You block something's attack.
You hit the orc priest.
The orc priest is almost dead.
The orc priest mumbles some strange prayers to Beogh against you.
Beogh smites you!
You die...

# . ##.... #....##..
......####.......
#.............#.#
......#.........###
.........>#.......## #
........#.....$..... ...
......##........###.....
......##.##....o@oo.....
.<#### #.##.....###.....
..# ###........# ### ..#
#.........##
..####.........##
......###.........
..................
...........>...####
......###......#


You could see an orc priest and 2 orcs.

Vanquished Creatures
  A hound (D:4)
  An iguana (D:4)
  4 adders (D:2)
  3 gnolls (D:3)
  A worm (D:3)
  2 dart slugs
  7 orcs
  6 endoplasms
  4 giant cockroaches
  3 goblins
  7 hobgoblins
  3 kobolds
  3 quokkas (D:1)
  5 ball pythons
  3 bats
  A frilled lizard (D:2)
  5 rats
59 creatures vanquished.

Notes
Turn   | Place    | Note
-------+----------+-------------------------------------------
     0 | D:1      | Inkenn the Demonspawn Fighter began the quest for the Orb.
     0 | D:1      | Reached XP level 1. HP: 18/18 MP: 1/1
    84 | D:1      | Reached skill level 2 in Short Blades
    84 | D:1      | Gained mutation: A meltable shield of frost defends you.
                  | (SH +0) [demonic ancestry]
    84 | D:1      | Reached XP level 2. HP: 24/24 MP: 2/2
   441 | D:1      | Gained mutation: You sometimes gain a little power by
                  | taking damage. [demonic ancestry]
   441 | D:1      | Reached XP level 3. HP: 29/29 MP: 3/3
   822 | D:2      | Reached skill level 3 in Short Blades
  1108 | D:2      | Gained mutation: You are partially covered in large bone
                  | plates. (SH +4) [demonic ancestry]
  1108 | D:2      | Reached XP level 4. HP: 35/35 MP: 4/4
  1650 | D:3      | Found Plog's Antique Armour Shop.
  1718 | D:3      | Found Rotunog's Antique Weapon Shop.
  1782 | D:3      | Reached skill level 4 in Short Blades
  1824 | D:3      | Found Vaygoc's Antique Weapon Boutique.
  1856 | D:3      | Found Polor's Weapon Shoppe.
  1890 | D:3      | Found Luadgh's Weapon Shoppe.
  2240 | D:4      | Reached XP level 5. HP: 41/41 MP: 5/5
  2377 | D:4      | Killed from afar by an orc priest

Illustrated notes

Levels and vault maps discovered:
D:1:      heliophobic_arrival_dark_side_of_the_moon, layout_basic,
          chequers_decorated_corner, hangedman_abyss_or_decor_lesser_grid
D:2:      layout_basic
D:3:      layout_basic, serial_shops, shop, nicolae_shop_crystal, shop,
          nicolae_shop_rolling_square, shop
D:4:      layout_rooms, uniq_duvessa

Skill      XL: |  1  2  3  4 |
---------------+-------------+-----
Short Blades   | 2 3 4 |  4.4
Shields        | 3 |  3.3
Armour         | 3 |  3.3
Fighting       | |  3.1

Action                     |  1- 3 |  4- 6 || total
---------------------------+-------+-------++-------
  Melee: Rapier            |   147 |   158 ||   305
    Use: Scroll            |       |     5 ||     5
         Potion            |       |     1 ||     1
 Armour: Scale mail        |    60 |    43 ||   103
  Dodge: Dodged            |    50 |    38 ||    88
  Block: Buckler           |    62 |    78 ||   140
